 Dungeon Crawl Stone Soup version 0.26.1-10-gdfb7c7de75 (webtiles) character file.

Game seed: 2902954385353477942

95 Revguard the Sneak (level 4, 0/21 HPs)
             Began as a Spriggan Enchanter on Apr 2, 2021.
             Slain by an ogre
             ... wielding a cursed +0 giant club
              (15 damage)
             ... on level 4 of the Dungeon.
             The game lasted 00:14:19 (3377 turns).

Revguard the Sneak (Spriggan Enchanter)             Turns: 3377, Time: 00:14:20

Health: 0/21       AC:  2    Str:  4    XL:     4   Next: 39%
Magic:  2/10       EV: 18    Int: 17    God:
Gold:   181        SH:  0    Dex: 16    Spells: 1/9 levels left

rFire    . . .     SeeInvis +   e - +1 dagger (speed)
rCold    . . .     Faith    .   (shield restricted)
rNeg     . . .     Spirit   .   b - +0 robe
rPois    .         Reflect  .   (helmet restricted)
rElec    .         Harm     .   (no cloak)
rCorr    .         Rampage  .   (gloves unavailable)
Will     .....                  (boots unavailable)
Stlth    +++.......             j - amulet of regeneration
HPRegen  0.47/turn              (no ring)
MPRegen  0.12/turn              (no ring)

@: very quick
A: very small, unfitting armour, see invisible, speed 3
a: no special abilities


You were on level 4 of the Dungeon.
You visited 1 branch of the dungeon, and saw 4 of its levels.

You collected 181 gold pieces.

Inventory:

Hand Weapons
 a - a +1 dagger
 e - a +1 dagger of speed (weapon)
Armour
 b - a +0 robe (worn)
Jewellery
 d - an uncursed amulet of magic regeneration
 j - an amulet of regeneration (around neck)
Scrolls
 g - a scroll of magic mapping {unknown}
 h - 3 scrolls of amnesia
 k - 2 scrolls of teleportation
 l - a scroll of fear
Potions
 c - 2 potions of heal wounds
 i - 3 potions of flight
 m - a potion of haste {unknown}


   Skills:
 + Level 0.8 Fighting
 * Level 1.7 Short Blades
 + Level 3.1 Dodging
 + Level 5.8 Stealth
 + Level 3.3 Spellcasting
 * Level 4.4 Hexes
 + Level 0.3 Ice Magic


You had one spell level left.
You knew the following spells:

 Your Spells              Type           Power        Failure   Level
a - Tukima's Dance        Hex            17%          9%          3
b - Ensorcelled Hibernat  Hex/Ice        20%          10%         2
c - Confusing Touch       Hex            17%          9%          3

Your spell library contained the following spells:

 Spells                   Type           Power        Failure   Level
 Corona                   Hex            18%          2%          1
 Dazzling Flash           Conj/Hex       20%          21%         3


Dungeon Overview and Level Annotations

Branches:
Dungeon (4/15)
 Temple: D:4-7

Altars:

Shops:
D:4 }(


Innate Abilities, Weirdness & Mutations

You are very small and have problems with some larger weapons.
You are too small for most types of armour.
You have supernaturally acute eyesight. (SInv)
You cover ground extremely quickly.


Message History

The ogre hits you with a cursed +0 giant club.
You hit the ogre but do no damage.
The ogre is severely wounded.
Casting: Ensorcelled Hibernation (safe; 10% risk of failure)
Confirm with . or Enter, or press ? or * to list all spells.
Aiming: Ensorcelled Hibernation (safe; 10% risk of failure)
Press: ? - help, Shift-Dir - straight line, f - you, p - ogre That would be overly suicidal.
Okay, then.
Casting: Ensorcelled Hibernation (safe; 10% risk of failure)
Confirm with . or Enter, or press ? or * to list all spells.
Aiming: Ensorcelled Hibernation (safe; 10% risk of failure)
Press: ? - help, Shift-Dir - straight line, f - ogre
Aim: an ogre, wielding a +0 giant club (severely wounded, not susceptible)
Okay, then.
You hit the ogre.
The ogre is severely wounded.
The ogre hits you with a cursed +0 giant club!
Ouch! That really hurt!
You die...

.$...# ##....# #### ....##
##....####..# .##..##
##....##.∩..## #
#...####.....#.†.#..###
##....##.....†.##.....##
###............###.......#
#...####....#..##........#
...## #...##.O##........#
†### ######..#@........#
.# #..O.........# .##
#............# ..#
#............# #.# ##
#............# #.# #.##
#...........## #.##...###
#..#........# #..#.....##
#..#.......## ##.#......#
#..#......##


You could see an ogre.

Vanquished Creatures
  A worker ant (D:4)
  2 adders (D:3)
  A worm (D:3)
  A dart slug (D:3)
  A leopard gecko (D:4)
  3 giant cockroaches
  7 goblins
  8 hobgoblins
  3 jackals (D:3)
  2 kobolds
  A quokka (D:4)
  A ball python (D:1)
  5 bats
  A frilled lizard (D:1)
  6 rats
43 creatures vanquished.

Notes
Turn   | Place    | Note
-------+----------+-------------------------------------------
     0 | D:1      | Revguard the Spriggan Enchanter began the quest for the
                  | Orb.
     0 | D:1      | Reached XP level 1. HP: 9/9 MP: 5/5
   437 | D:1      | Reached XP level 2. HP: 13/13 MP: 6/6
   440 | D:1      | Learned a level 2 spell: Ensorcelled Hibernation
  1002 | D:1      | You fall into a shaft and drop 1 floor!
  1218 | D:2      | Reached skill level 5 in Stealth
  2434 | D:3      | Reached XP level 3. HP: 16/17 MP: 8/8
  2524 | D:3      | Learned a level 3 spell: Confusing Touch
  2928 | D:3      | Learned a level 3 spell: Tukima's Dance
  3217 | D:4      | Found Beim's Gadget Shop.
  3250 | D:4      | Reached XP level 4. HP: 21/21 MP: 6/9
  3285 | D:4      | Noticed an ogre
  3300 | D:4      | Found Xefun's Weapon Boutique.
  3377 | D:4      | Slain by an ogre

Illustrated notes

Levels and vault maps discovered:
D:1:      scummos_arrival_gate, layout_basic
D:2:      layout_basic, eino_curves_03, chequers_serial_rivers_micro_c
D:3:      layout_basic
D:4:      layout_cave_pods, grunt_temple_overflow_open, serial_shops,
          shop_statue, kennysheep_mini, shop, shop, shop

Skill      XL: |  1  2 |
---------------+-------+-----
Spellcasting   | 3 |  3.3
Stealth        | 5 |  5.8
Hexes          | 4 |  4.4
Fighting       | |  0.8
Short Blades   | |  1.7
Dodging        | |  3.1
Ice Magic      | |  0.3

Action                   |  1- 3 |  4- 6 || total
-------------------------+-------+-------++-------
Melee: Dagger            |   104 |    13 ||   117
 Cast: Corona            |     5 |       ||     5
       Ensorcelled Hiber |    31 |     4 ||    35
       Tukima's Dance    |       |     2 ||     2
  Use: Scroll            |     9 |       ||     9
       Potion            |     1 |       ||     1
 Stab: Sleeping          |    33 |     2 ||    35
Armor: Robe              |     3 |       ||     3
Dodge: Dodged            |    57 |     8 ||    65
